 Dungeon Crawl Stone Soup version 0.28-a0-863-g8cecda6153 (webtiles) character file.

Game seed: 14115571687008653300

19 Crownlay the Digger (level 2, -1/15 HPs)
             Began as a Gargoyle Earth Elementalist on Nov 19, 2021.
             Slain by Sigmund (7 damage)
             ... on level 2 of the Dungeon.
             The game lasted 00:01:03 (1189 turns).

Crownlay the Digger (Gargoyle Earth Elementalist)   Turns: 1189, Time: 00:01:03

Health: -1/15      AC:  5    Str: 11    XL:     2   Next: 75%
Magic:  0/5        EV: 11    Int: 15    God:
Gold:   72         SH:  0    Dex: 10    Spells: 5/6 levels left

rFire   . . .      SeeInvis .   g - +0 short sword (venom)
rCold   . . .      Faith    .   (no shield)
rNeg    + . .      Spirit   .   b - +0 robe
rPois   ∞          Reflect  .   (no helmet)
rElec   +          Harm     .   (no cloak)
rCorr   .          Rampage  .   e - +0 pair of gloves
Will    .....                   (no boots)
Stlth   ++........              (no amulet)
HPRegen 0.05/turn               (no ring)
MPRegen 0.09/turn               (no ring)

@: no status effects
A: sickness immunity, AC +2, negative energy resistance 1, electricity
resistance, torment resistance 1, petrification resistance
a: no special abilities


You were on level 2 of the Dungeon.
You visited 1 branch of the dungeon, and saw 2 of its levels.

You collected 72 gold pieces.

Inventory:

Hand Weapons
 g - a +0 short sword of venom (weapon)
Missiles
 c - 59 stones
Armour
 b - a +0 robe (worn)
 e - a +0 pair of gloves (worn)
Scrolls
 a - 2 scrolls of identify {unknown}
Potions
 d - 2 potions of curing {unknown}
 f - a potion of heal wounds {unknown}


   Skills:
 - Level 1.5 Dodging
 - Level 2.1 Stealth
 * Level 2.7 Spellcasting
 - Level 0.7 Transmutations
 + Level 4.0 Earth Magic


You had 5 spell levels left.
You knew the following spells:

 Your Spells              Type           Power      Damage    Failure   Level
a - Sandblast             Erth           28%        2d8       4%          1

Your spell library contained the following spells:

 Spells                   Type           Power      Damage    Failure   Level
 Passwall                 Tmut/Erth      7%         N/A       12%         2
 Stone Arrow              Conj/Erth      16%        3d8       26%         3
 Static Discharge         Conj/Air       2%         N/A       30%         2
 Petrify                  Tmut/Erth      9%         N/A       61%         4
 Dispel Undead            Necr           2%         3d7       90%         4
 Sticky Flame             Conj/Fire      2%         2d3       90%         4


Dungeon Overview and Level Annotations

Branches:
Dungeon (2/15)

Altars:

Annotations:
D:2 Sigmund


Innate Abilities, Weirdness & Mutations

You are immune to sickness and miasma.
Your stone body is resilient. (AC +2)
You are immune to poison.
You resist negative energy. (rN+)
You are resistant to electric shocks. (rElec)
You are resistant to unholy torment.
You are immune to petrification.


Message History

There is an open door here.
You see here 19 arrows.
You see here 19 arrows.
Key pressed, stopping explore.
There is an open door here.
There is a stone staircase leading down here.
Done exploring.
Done exploring.
Done exploring.
No target in view!
(D) Dungeon
Where to? (Enter - D:1 @ (x,y), ? - help)
There is a stone staircase leading down here.
You climb downwards.
There is a stone staircase leading up here.
Sigmund the Dreaded comes into view.
He is wielding a +1 scythe of venom.
Sigmund is nearby!
Sigmund is nearby!
Sigmund is nearby!
The blast of sand hits Sigmund.
Sigmund is lightly wounded.
Sigmund shouts!
The blast of sand misses Sigmund.
Sigmund closely misses you.
The blast of sand misses Sigmund.
The blast of sand hits Sigmund!
Sigmund is moderately wounded.
Sigmund gestures at you while chanting. The magic dart hits you!
Ouch! That really hurt!
You are too injured to fight recklessly!
You are too injured to fight recklessly!
Casting: Sandblast (safe; 4% risk of failure)
Confirm with . or Enter, or press ? or * to list all spells.
Aiming: Sandblast (safe; 4% risk of failure)
Press: ? - help, Shift-Dir - straight line, f/p - Sigmund
Aim: Sigmund, wielding a +1 scythe of venom and wearing a +0 robe (moderately wounded, 77% to hit)
The blast of sand hits Sigmund!
Sigmund is heavily wounded.
Sigmund hits you from afar with a +1 scythe of venom!
You die...

.. #.....#
##.#####..#
#.........#
#.........#
.
#.#####.###
.. ... #.#
#.#.##.##.#
#.........#
#.#....@..#
##.#.##.# #
#@ #.# #.
#.# .. #.#
.. ..# ###
#.#


You could see Sigmund.

Vanquished Creatures
  4 endoplasms (D:1)
  A giant cockroach (D:1)
  3 goblins (D:1)
  A hobgoblin (D:1)
  A ball python (D:1)
  3 bats (D:1)
  3 frilled lizards (D:1)
  2 kobolds (D:1)
  2 rats (D:1)
20 creatures vanquished.

Notes
Turn   | Place    | Note
-------+----------+-------------------------------------------
     0 | D:1      | Crownlay the Gargoyle Earth Elementalist began the quest
                  | for the Orb.
     0 | D:1      | Reached XP level 1. HP: 10/10 MP: 3/3
   199 | D:1      | Reached XP level 2. HP: 15/15 MP: 0/5
   410 | D:1      | Found a faded altar of an unknown god.
   589 | D:1      | Reached skill level 4 in Earth Magic
  1183 | D:2      | Noticed Sigmund
  1189 | D:2      | Slain by Sigmund

Illustrated notes

Levels and vault maps discovered:
D:1:      scummos_arrival_star, layout_basic,
          hellmonk_ecumenical_altar_leap_of_faith
D:2:      layout_loops_ring, uniq_sigmund

Skill      XL: |  1  2 |
---------------+-------+-----
Earth Magic    | 4 |  4.0
Dodging        | |  1.5
Stealth        | |  2.1
Spellcasting   | |  2.7
Transmutations | |  0.7

Action                   || total
-------------------------++-------
Melee: Short sword       ||    30
       Unarmed           ||     4
 Cast: Sandblast         ||    18
 Stab: Sleeping          ||     1
Armor: Robe              ||    20
Dodge: Dodged            ||    34

Table legend: (Time is in decaauts)
 A = Elapsed time spent in this place.
 B = Non-inter-level travel time spent in this place.
 C = Inter-level travel time spent in this place.
 D = Time resting spent in this place.
 E = Time spent auto-exploring this place.
 F = Levels seen in this place.
 G = Mean time per level.
                   A        B        C        D        E       F      G
               +--------+--------+--------+--------+--------+-----+--------+
         Total |   1191 |   1143 |     48 |      0 |    998 |   2 |  595.5 |
       Dungeon |   1191 |   1143 |     48 |      0 |    998 |   2 |  595.5 |
               +--------+--------+--------+--------+--------+-----+--------+

Top non-repeatable levels by time:
     D:1: 1167 daAuts
     D:2: 23 daAuts
